[Event "December 19 Early 2023"]
[Site "https://www.chess.com"]
[Date "2023.12.19"]
[Round "10"]
[White "Lacasa Diaz, Josep Anton"]
[Black "Vigoa Apecheche, Yanira"]
[Result "1-0"]
[Board "121"]
[TimeControl "180+1"]
[WhiteFideId "2203375"]
[BlackFideId "3507041"]
[WhiteElo "2338"]
[BlackElo "2276"]
[WhiteTeam "ESP"]
[BlackTeam "USA"]
[WhiteClock "0:01:30"]
[BlackClock "0:01:16"]

1. e4 c5 2. Nf3 Nc6 3. Nc3 g6 4. d4 cxd4 5. Nxd4 Bg7 6. Be3 Nf6 7. Be2 O-O 8. Nb3 d6 9. Qd2 Be6 10. O-O-O Rc8 11. Kb1 Na5 12. f3 Nc4 13. Bxc4 Bxc4 14. h4 Re8 15. h5 b5 16. hxg6 fxg6 17. Bh6 a5 18. Bxg7 Kxg7 19. Qh6+ Kg8 20. g4 e6 21. g5 Nh5 22. Rxh5 gxh5 23. g6 Qe7 24. Rg1 Kh8 25. gxh7 Bxb3 26. axb3 b4 27. Nb5 Rcd8 28. Nc7 Qf8 29. Rg8+ Qxg8 30. hxg8=Q+ Kxg8 31. Qg6+ Kh8 32. Nxe8 1-0

[Event "December 19 Early 2023"]
[Site "https://www.chess.com"]
[Date "2023.12.19"]
[Round "10"]
[White "Lopusiewicz, Piotr"]
[Black "Tarasova, Viktoriya"]
[Result "0-1"]
[Board "122"]
[TimeControl "180+1"]
[WhiteFideId "1116029"]
[BlackFideId "4175840"]
[WhiteElo "2286"]
[BlackElo "2182"]
[WhiteTeam "POL"]
[BlackTeam "RUS"]
[WhiteClock "0:00:00"]
[BlackClock "0:00:53"]

1. d4 Nf6 2. c4 e6 3. Nf3 b6 4. g3 Ba6 5. Qc2 c5 6. d5 Bb7 7. Nc3 exd5 8. cxd5 Nxd5 9. Bg2 Be7 10. O-O O-O 11. Nxd5 Bxd5 12. Ng5 Bxg5 13. Bxd5 Nc6 14. f4 Bf6 15. e3 Re8 16. Rd1 Qc7 17. a3 Rad8 18. Rb1 Ne7 19. e4 Nxd5 20. Rxd5 d6 21. Bd2 Re6 22. f5 Re5 23. Rxe5 Bxe5 24. Rd1 Qc6 25. Bg5 Re8 26. Qc4 Bxb2 27. a4 Qxe4 28. Qxe4 Rxe4 29. Rxd6 h6 30. Rd8+ Kh7 31. Bf4 Rxa4 32. Rd7 Bf6 33. Rxf7 c4 34. Rc7 c3 35. g4 b5 36. Be3 a5 37. h4 Bxh4 38. g5 Bxg5 39. Bxg5 hxg5 40. f6 Rf4 41. Rxg7+ Kh6 0-1

[Event "December 19 Early 2023"]
[Site "https://www.chess.com"]
[Date "2023.12.19"]
[Round "10"]
[White "Serra Canals, Oriol"]
[Black "Shapiro, Daniel"]
[Result "1-0"]
[Board "123"]
[TimeControl "180+1"]
[WhiteFideId "22276084"]
[BlackFideId "2001780"]
[WhiteElo "2108"]
[BlackElo "2309"]
[WhiteTeam "ESP"]
[BlackTeam "USA"]
[WhiteClock "0:00:54"]
[BlackClock "0:00:03"]

1. d4 Nf6 2. c4 e6 3. Nf3 d5 4. Nc3 Bb4 5. Bg5 O-O 6. cxd5 exd5 7. Rc1 c6 8. e3 Be7 9. Bd3 Nbd7 10. O-O Re8 11. a3 Ne4 12. Bxe7 Qxe7 13. b4 a6 14. Qb3 b6 15. Bxe4 dxe4 16. Nd2 Nf6 17. Na4 Qb7 18. Qc2 Bd7 19. Nc3 Bf5 20. Ne2 Rac8 21. Ng3 Bg6 22. Qb1 h5 23. h3 h4 24. Ne2 Qd7 25. Nc4 Qb7 26. Nd6 Qb8 27. Nxc8 Rxc8 28. a4 Bf5 29. b5 axb5 30. axb5 c5 31. dxc5 bxc5 32. b6 g5 33. Qb2 Rc6 34. b7 Rc7 35. Rb1 g4 36. Rfd1 Nh5 37. Rd8+ Qxd8 38. b8=Q Rc8 1-0

[Event "December 19 Early 2023"]
[Site "https://www.chess.com"]
[Date "2023.12.19"]
[Round "10"]
[White "Limontaite, Simona"]
[Black "Kahlert, Thomas"]
[Result "1-0"]
[Board "124"]
[TimeControl "180+1"]
[WhiteFideId "12802506"]
[BlackFideId "4625242"]
[WhiteElo "2092"]
[BlackElo "2221"]
[WhiteTeam "LTU"]
[BlackTeam "GER"]
[WhiteClock "0:00:05"]
[BlackClock "0:00:00"]

1. d4 Nf6 2. c4 c5 3. d5 e5 4. Nc3 d6 5. e4 Be7 6. Be2 O-O 7. Nf3 Nbd7 8. h3 Ne8 9. g4 g6 10. Bh6 Ng7 11. Qd2 Kh8 12. O-O-O Nf6 13. Rdg1 Ng8 14. Be3 Bd7 15. h4 f5 16. gxf5 gxf5 17. Bg5 Nf6 18. Bd3 Nfh5 19. Bh6 f4 20. Ng5 Qe8 21. Be2 Rg8 22. Bg4 Bxg4 23. Rxg4 Nf6 24. Rg2 Ngh5 25. Rhg1 Rg6 26. Nb5 Rc8 27. Ne6 Rxh6 28. Ng7 Qf7 29. Nf5 Rg6 30. Nbxd6 Bxd6 31. Nxd6 Qf8 32. Nxc8 Qxc8 33. Rxg6 hxg6 34. Rxg6 Qh3 35. Qe2 Kh7 36. Rg5 Qh1+ 37. Kc2 Kh6 38. Rxe5 Qxh4 39. Re6 Kg5 40. e5 Ng4 41. Qf3 Qxf2+ 42. Qxf2 Nxf2 43. d6 Ng7 44. Re7 Nf5 45. d7 Nd4+ 46. Kb1 Nc6 47. Re8 Nd3 48. e6 f3 49. Rf8 Nf4 50. e7 f2 51. d8=Q f1=Q+ 52. Kc2 Qxc4+ 53. Kd1 1-0

[Event "December 19 Early 2023"]
[Site "https://www.chess.com"]
[Date "2023.12.19"]
[Round "10"]
[White "Wanyama, Harold"]
[Black "Deveci, Huseyin Said"]
[Result "1-0"]
[Board "125"]
[TimeControl "180+1"]
[WhiteFideId "10000380"]
[BlackFideId "26322455"]
[WhiteElo "2228"]
[BlackElo "1954"]
[WhiteTeam "UGA"]
[BlackTeam "TUR"]
[WhiteClock "0:01:02"]
[BlackClock "0:00:01"]

1. d4 d5 2. c4 c6 3. Nf3 Nf6 4. Nc3 dxc4 5. a4 Bf5 6. Ne5 Nbd7 7. Nxc4 Nb6 8. Ne5 a5 9. f3 Nfd7 10. Nxd7 Bxd7 11. e4 e6 12. Bd3 c5 13. Be3 cxd4 14. Bxd4 Bc6 15. Bb5 Bxb5 16. Nxb5 Bb4+ 17. Kf2 O-O 18. h4 Rc8 19. Rh3 Bc5 20. Bxc5 Rxc5 21. b3 Qf6 22. Kg1 Rd8 23. Qe1 Qb2 24. Rb1 Qa2 25. Rd1 Rdc8 26. Qxa5 Qxb3 27. Ra1 Qe3+ 28. Kh2 Nc4 29. Qe1 Qf4+ 30. Qg3 Qxg3+ 31. Rxg3 Nd2 32. Rd1 Nb3 33. f4 Na5 34. Nd6 Rd8 35. e5 Nc6 36. Rb3 b6 37. Rxb6 Na5 38. Rb5 Rxb5 39. axb5 Nb7 40. b6 Nc5 41. Rc1 Nd7 42. b7 f6 43. Rc8 1-0

[Event "December 19 Early 2023"]
[Site "https://www.chess.com"]
[Date "2023.12.19"]
[Round "10"]
[White "Obon Temprano, Sergi"]
[Black "Gurevich, Dmitry"]
[Result "1-0"]
[Board "126"]
[TimeControl "180+1"]
[WhiteFideId "2226545"]
[BlackFideId "2000407"]
[WhiteElo "2135"]
[BlackElo "2506"]
[WhiteTeam "ESP"]
[BlackTeam "USA"]
[WhiteClock "0:00:14"]
[BlackClock "0:00:00"]

1. d4 Nf6 2. Nf3 e6 3. e3 c5 4. Bd3 b6 5. O-O Bb7 6. b3 Be7 7. Bb2 O-O 8. Nbd2 cxd4 9. exd4 d6 10. c4 a6 11. Qe2 Nbd7 12. Ne4 Nxe4 13. Bxe4 Bxe4 14. Qxe4 d5 15. Qe2 dxc4 16. bxc4 Bf6 17. Rfd1 Qc7 18. Rac1 Rfe8 19. Qd2 h6 20. d5 Bxb2 21. Qxb2 Nc5 22. d6 Qb7 23. Qe5 Red8 24. Rd4 f6 25. Qg3 e5 26. Rd5 Rd7 27. Rcd1 Rad8 28. Qg4 Qc6 29. Nh4 Rxd6 30. Nf5 R6d7 31. Ne7+ Rxe7 32. Rxd8+ Kh7 33. Qc8 Qxc8 34. Rxc8 Rb7 35. Rd6 Ne4 36. Rdd8 Nc3 37. a3 Ne2+ 38. Kf1 Nd4 39. Ke1 h5 40. Rd6 Kg6 41. Kd2 Kf5 42. Rh8 g6 43. h4 1-0

[Event "December 19 Early 2023"]
[Site "https://www.chess.com"]
[Date "2023.12.19"]
[Round "10"]
[White "Matveeva, Olga"]
[Black "Fernandez Hernandez, Gerardo"]
[Result "1-0"]
[Board "127"]
[TimeControl "180+1"]
[WhiteFideId "24107018"]
[BlackFideId "2207400"]
[WhiteElo "1883"]
[BlackElo "2269"]
[WhiteTeam "RUS"]
[BlackTeam "ESP"]
[WhiteClock "0:00:50"]
[BlackClock "0:00:00"]

1. d4 Nf6 2. c4 c5 3. d5 b5 4. cxb5 a6 5. bxa6 g6 6. Nc3 Bg7 7. Nf3 O-O 8. g3 d6 9. Bg2 Nxa6 10. O-O Qb6 11. Nd2 Bd7 12. Rb1 Rfb8 13. b3 Ng4 14. Bb2 Ne5 15. h3 Bf5 16. e4 Bd7 17. Qe2 Bb5 18. Nxb5 Qxb5 19. Qxb5 Rxb5 20. f4 Nd3 21. Bxg7 Kxg7 22. a4 Rb7 23. e5 Rab8 24. exd6 exd6 25. Nc4 Rd8 26. a5 Rb5 27. f5 f6 28. fxg6 hxg6 29. Be4 Ne5 30. Nxe5 dxe5 31. Ra1 Nb4 32. a6 Ra8 33. a7 Rb6 34. d6 1-0

[Event "December 19 Early 2023"]
[Site "https://www.chess.com"]
[Date "2023.12.19"]
[Round "10"]
[White "Kuhn, Clement"]
[Black "Kiselev, Pavel"]
[Result "0-1"]
[Board "128"]
[TimeControl "180+1"]
[WhiteFideId "36099775"]
[BlackFideId "4191102"]
[WhiteElo "2251"]
[BlackElo "2145"]
[WhiteTeam "FRA"]
[BlackTeam "RUS"]
[WhiteClock "0:00:05"]
[BlackClock "0:00:08"]

1. e4 c5 2. Nf3 g6 3. d4 cxd4 4. Qxd4 Nf6 5. Nc3 Nc6 6. Qd2 d6 7. b3 Bg7 8. Bd3 O-O 9. Bb2 Ng4 10. h3 Nge5 11. Nxe5 Nxe5 12. Be2 Qa5 13. O-O Bd7 14. Rad1 Rfe8 15. Kh1 Rac8 16. f4 Nc6 17. Qe3 Nb4 18. e5 Nxc2 19. Qd2 Nb4 20. Nd5 Qxd5 21. Qxb4 Qc5 22. Qxc5 Rxc5 23. Bd4 Ra5 24. exd6 exd6 25. Bxg7 Kxg7 26. Bc4 Bc6 27. Rxd6 Rxa2 28. Rg1 Re3 29. Kh2 Rc3 30. Bd5 Bxd5 31. Rxd5 Rxb3 32. Rd7 b5 33. Rb7 a5 34. Re1 Rbb2 35. Rg1 b4 36. Kg3 a4 37. Kf3 b3 38. g4 Rf2+ 39. Kg3 Rfe2 40. Kf3 Re8 41. Rd1 b2 42. Rdd7 Rf8 43. Rb4 a3 44. Rbb7 Ra1 45. f5 b1=Q 46. Rxb1 Rxb1 47. Ra7 Rb3+ 48. Kf4 gxf5 49. g5 Rfb8 50. h4 R8b4+ 51. Kxf5 Rb5+ 52. Ke4 Rb7 53. Ra6 R3b4+ 54. Kf5 Rxh4 55. Rxa3 Rb5# 0-1

[Event "December 19 Early 2023"]
[Site "https://www.chess.com"]
[Date "2023.12.19"]
[Round "10"]
[White "Kotlyar, Kirill"]
[Black "Bach, Matthias"]
[Result "1-0"]
[Board "129"]
[TimeControl "180+1"]
[WhiteFideId "24145599"]
[BlackFideId "4603168"]
[WhiteElo "2397"]
[BlackElo "2130"]
[WhiteTeam "RUS"]
[BlackTeam "GER"]
[WhiteClock "0:00:42"]
[BlackClock "0:00:07"]

1. e4 e5 2. Nf3 Nc6 3. Bb5 Bc5 4. O-O d6 5. Re1 a6 6. Ba4 Ne7 7. c3 Ba7 8. h3 O-O 9. d4 exd4 10. cxd4 d5 11. e5 Bf5 12. Be3 Be4 13. Nc3 Nb4 14. Nxe4 dxe4 15. Ng5 Nd3 16. Re2 Bxd4 17. Bxd4 Qxd4 18. Rxe4 Qxf2+ 19. Kh2 Rad8 20. Qg4 Qf5 21. Qxf5 Nxf5 22. e6 Nd6 23. e7 Nxe4 24. exf8=Q+ Rxf8 25. Nxe4 Nxb2 26. Bb3 Re8 27. Nc5 b5 28. Nxa6 c6 29. Nc5 g6 30. Rb1 Re2 31. Rf1 Re7 32. Rf2 Re5 33. Nd7 Nd3 34. Rxf7 Kh8 35. Nxe5 1-0

[Event "December 19 Early 2023"]
[Site "https://www.chess.com"]
[Date "2023.12.19"]
[Round "10"]
[White "Fernandez Sanchez, Mario Andres"]
[Black "Sanchez Alvares, Kelvin Antonio"]
[Result "1-0"]
[Board "130"]
[TimeControl "180+1"]
[WhiteFideId "6501621"]
[BlackFideId "3906680"]
[WhiteElo "2050"]
[BlackElo "2217"]
[WhiteTeam "CRC"]
[BlackTeam "VEN"]
[WhiteClock "0:01:02"]
[BlackClock "0:00:07"]

1. d4 d5 2. Bf4 Nf6 3. Nc3 a6 4. e3 c5 5. dxc5 Nc6 6. Nf3 Bg4 7. Be2 e6 8. Na4 Qa5+ 9. c3 Bxc5 10. b4 Nxb4 11. cxb4 Bxb4+ 12. Kf1 O-O 13. h3 Bf5 14. g4 Be4 15. Be5 Nd7 16. Bb2 b5 17. a3 bxa4 18. axb4 Qb6 19. Qxa4 Nc5 20. Qa3 Nb7 21. Bd4 Qc6 22. Rc1 Qd6 23. Kg2 Rfc8 24. Rxc8+ Rxc8 25. Rc1 Rxc1 26. Qxc1 Qd8 1-0

[Event "December 19 Early 2023"]
[Site "https://www.chess.com"]
[Date "2023.12.19"]
[Round "10"]
[White "Kohler, Aran"]
[Black "Herman, Daniel"]
[Result "0-1"]
[Board "131"]
[TimeControl "180+1"]
[WhiteFideId "1002856"]
[BlackFideId "30935008"]
[WhiteElo "2278"]
[BlackElo "1897"]
[WhiteTeam "NED"]
[BlackTeam "USA"]
[WhiteClock "0:00:13"]
[BlackClock "0:00:14"]

1. d4 Nf6 2. Nf3 g6 3. Bg5 Bg7 4. Nbd2 O-O 5. e3 d6 6. Bd3 Nc6 7. c3 e5 8. h4 h6 9. h5 hxg5 10. hxg6 g4 11. Ng5 fxg6 12. Bxg6 d5 13. dxe5 Nxe5 14. Qc2 Nxg6 15. Qxg6 Qe8 16. Qd3 Qe5 17. f4 gxf3 18. Ndxf3 Qf5 19. Qd2 Ne4 20. Nxe4 dxe4 21. O-O-O exf3 22. gxf3 Be6 23. Rdg1 Rf7 24. Qh2 Kf8 25. Rg3 Bxa2 26. e4 Qf4+ 27. Kc2 Rd8 28. Rhg1 Rfd7 29. R1g2 Rd1 30. Qh8+ Bxh8 31. Rg8+ Bxg8 0-1

[Event "December 19 Early 2023"]
[Site "https://www.chess.com"]
[Date "2023.12.19"]
[Round "10"]
[White "Balla, Tamas-Kristof"]
[Black "Barwinska, Ewa"]
[Result "1-0"]
[Board "132"]
[TimeControl "180+1"]
[WhiteFideId "1208497"]
[BlackFideId "21833761"]
[WhiteElo "2306"]
[BlackElo "1879"]
[WhiteTeam "ROU"]
[BlackTeam "POL"]
[WhiteClock "0:00:54"]
[BlackClock "0:00:00"]

1. e4 c5 2. c3 e5 3. Nf3 d6 4. Bc4 Be7 5. d4 Nd7 6. O-O Ngf6 7. Bg5 h6 8. Bh4 O-O 9. Re1 a6 10. a4 Rb8 11. a5 b5 12. axb6 Qxb6 13. b3 Bb7 14. d5 Qc7 15. Nbd2 Ra8 16. Qe2 a5 17. Bb5 Rfe8 18. Ra2 Qb6 19. Rea1 Red8 20. Ne1 Ba6 21. Bxa6 Rxa6 22. Nc2 Qa7 23. Ne3 Ra8 24. Nf5 Bf8 25. Nc4 g6 26. Nfe3 Nxe4 27. Qd3 Nef6 28. Nxa5 Bg7 29. Nec4 Qc7 30. b4 e4 31. Qg3 cxb4 32. cxb4 Ne5 33. Nxe5 dxe5 34. Bxf6 Bxf6 35. h3 Bg7 36. Qe3 Qd6 37. Qxe4 f5 38. Qc4 Kh7 39. Nc6 e4 40. Rxa6 Bxa1 41. Rxa8 Bg7 42. Ra7 Qf4 43. Qc3 1-0

[Event "December 19 Early 2023"]
[Site "https://www.chess.com"]
[Date "2023.12.19"]
[Round "10"]
[White "Golubenko, Valentina"]
[Black "Cansun, Can Alp"]
[Result "1-0"]
[Board "133"]
[TimeControl "180+1"]
[WhiteFideId "4501993"]
[BlackFideId "6390188"]
[WhiteElo "2126"]
[BlackElo "2031"]
[WhiteTeam "CRO"]
[BlackTeam "TUR"]
[WhiteClock "0:00:15"]
[BlackClock "0:00:00"]

1. e4 c5 2. Nf3 d6 3. d4 cxd4 4. Nxd4 Nf6 5. Nc3 Nc6 6. Nxc6 bxc6 7. Bd3 e5 8. O-O Be7 9. h3 O-O 10. f4 Qc7 11. Be3 Rb8 12. Rb1 Rd8 13. Qf3 Bf8 14. fxe5 dxe5 15. Qf2 c5 16. Nb5 Qa5 17. Bxc5 Rxb5 18. Bxb5 Qxb5 19. Bxa7 Rd7 20. Be3 Nxe4 21. Qf5 Ng3 22. Qg4 Nxf1 23. Rxf1 Ba6 24. Re1 Qc4 25. Qxd7 Qxc2 26. Qd5 Qxb2 27. Bc5 1-0

[Event "December 19 Early 2023"]
[Site "https://www.chess.com"]
[Date "2023.12.19"]
[Round "10"]
[White "Leve, Nitai"]
[Black "De Souza, Cristiano Gomes"]
[Result "1-0"]
[Board "134"]
[TimeControl "180+1"]
[WhiteFideId "2006898"]
[BlackFideId "2151758"]
[WhiteElo "2144"]
[BlackElo "2068"]
[WhiteTeam "USA"]
[BlackTeam "BRA"]
[WhiteClock "0:00:06"]
[BlackClock "0:00:46"]

1. c4 Nf6 2. Nc3 g6 3. d4 d6 4. g3 Bg7 5. Bg2 O-O 6. Nf3 Nc6 7. O-O Bf5 8. Nh4 Bd7 9. e4 e5 10. d5 Nd4 11. Be3 Ng4 12. Bxd4 exd4 13. Ne2 Ne5 14. Nxd4 Nxc4 15. Rc1 Ne5 16. Nhf3 Nxf3+ 17. Nxf3 c5 18. dxc6 bxc6 19. Qxd6 Bxb2 20. Rb1 Bg7 21. Rb7 Be6 22. e5 Bxa2 23. h4 Bd5 24. Ng5 Bxg2 25. Kxg2 Qe8 26. Re7 Qb8 27. Rd1 Bxe5 28. Qxe5 Qxe5 29. Rxe5 f6 30. Re7 fxg5 31. Rdd7 Rf5 32. Rg7+ Kf8 33. Rxh7 Kg8 34. Rdg7+ Kf8 35. Rxg6 Re8 36. hxg5 Rf7 37. Rxf7+ Kxf7 38. Rxc6 Re5 39. f4 Ra5 40. g4 Ra3 41. f5 a5 42. Rc7+ Ke8 43. g6 Kf8 44. f6 Ra2+ 45. Kg3 1-0

[Event "December 19 Early 2023"]
[Site "https://www.chess.com"]
[Date "2023.12.19"]
[Round "10"]
[White "Franchini, Gabriele"]
[Black "Kolmagorov, Alexey"]
[Result "0-1"]
[Board "135"]
[TimeControl "180+1"]
[WhiteFideId "806790"]
[BlackFideId "34129402"]
[WhiteElo "2215"]
[BlackElo "1989"]
[WhiteTeam "ITA"]
[BlackTeam "RUS"]
[WhiteClock "0:00:00"]
[BlackClock "0:00:10"]

1. e4 c5 2. Nc3 Nc6 3. Bb5 Nd4 4. Nf3 a6 5. Bd3 e6 6. O-O Ne7 7. Nxd4 cxd4 8. Ne2 Nc6 9. f4 Be7 10. Ng3 b6 11. c3 Bb7 12. Qg4 Qc7 13. cxd4 Nxd4 14. Qxg7 O-O-O 15. b4 Nc6 16. b5 axb5 17. Bb2 Rhg8 18. Qxf7 Rgf8 19. Qxh7 Rxf4 20. Rac1 Rxf1+ 21. Bxf1 Kb8 22. Bxb5 Bc5+ 23. Kh1 Qf4 24. Bxc6 Bxc6 25. d4 Bxd4 26. Rf1 Qd2 27. Bxd4 Qxd4 28. Qh5 Kb7 29. Qf3 Rg8 30. a3 Qe5 31. Ne2 Qxe4 32. Qxe4 Bxe4 33. Rf2 Ra8 34. Nc3 Rxa3 35. Nd1 Ra1 36. Rf1 Bd3 37. Re1 Bc2 38. h3 Rxd1 0-1

[Event "December 19 Early 2023"]
[Site "https://www.chess.com"]
[Date "2023.12.19"]
[Round "10"]
[White "Nery Junior, Jose Antonio"]
[Black "Palmer, Reegan"]
[Result "1-0"]
[Board "136"]
[TimeControl "180+1"]
[WhiteFideId "2104822"]
[BlackFideId "14322145"]
[WhiteElo "2197"]
[BlackElo "1814"]
[WhiteTeam "BRA"]
[BlackTeam "RSA"]
[WhiteClock "0:00:39"]
[BlackClock "0:00:27"]

1. e4 e6 2. d4 d5 3. Nd2 Nf6 4. e5 Nfd7 5. Bd3 c5 6. c3 Nc6 7. Ne2 Qb6 8. Nf3 h6 9. O-O g5 10. h3 Be7 11. a3 f5 12. exf6 Nxf6 13. Bg6+ Kd8 14. Ne5 Nxe5 15. dxe5 Nd7 16. f4 gxf4 17. Bxf4 Nf8 18. Bc2 Bd7 19. Kh1 h5 20. b4 c4 21. Nd4 h4 22. Be3 Qc7 23. Bf4 Rg8 24. Qh5 Be8 25. Qh6 Qd7 26. a4 a6 27. b5 a5 28. Rad1 Rc8 29. Be3 Ng6 30. Bg5 Kc7 31. Bf6 Bxf6 32. Rxf6 Nxe5 33. Qf4 Qd6 34. Rxe6 Rf8 35. Qxe5 Qxe5 36. Rxe5 Kd6 37. Re6+ Kc5 38. Rh6 Rf2 39. Bf5 Rc7 40. Ne6+ Kd6 41. Nxc7+ Kxc7 42. Rxd5 Kb8 43. b6 Bd7 44. Rh8+ Bc8 45. Rxc8# 1-0

[Event "December 19 Early 2023"]
[Site "https://www.chess.com"]
[Date "2023.12.19"]
[Round "10"]
[White "Bon, Michael"]
[Black "Essing, Arnold"]
[Result "1-0"]
[Board "137"]
[TimeControl "180+1"]
[WhiteFideId "620696"]
[BlackFideId "4619862"]
[WhiteElo "2355"]
[BlackElo "2257"]
[WhiteTeam "FRA"]
[BlackTeam "GER"]
[WhiteClock "0:00:03"]
[BlackClock "0:00:00"]

1. e4 Nf6 2. e5 Nd5 3. d4 d6 4. c4 Nb6 5. exd6 cxd6 6. Nc3 g6 7. Be3 Bg7 8. Nf3 O-O 9. Be2 Bg4 10. h3 Bxf3 11. Bxf3 Nc6 12. Qd2 Nxc4 13. Qe2 Nxe3 14. fxe3 e5 15. d5 Ne7 16. e4 Qb6 17. O-O-O Rac8 18. Rd3 Rc4 19. Kb1 Rfc8 20. Ka1 Qc5 21. h4 b5 22. h5 b4 23. Nb1 Rc1 24. Rdd1 Rc2 25. Qa6 g5 26. h6 Bf6 27. Bg4 Rc7 28. Qa4 Ng6 29. Rhf1 Be7 30. Qe8+ Bf8 31. Be6 fxe6 32. Qxe6+ Kh8 33. Qf6+ Kg8 34. Qe6+ Kh8 35. Rf6 Re7 36. Qf5 Qc8 37. Qf3 Qe8 38. Rf1 Rc8 39. Rh1 Nh4 40. Rf5 1-0

[Event "December 19 Early 2023"]
[Site "https://www.chess.com"]
[Date "2023.12.19"]
[Round "10"]
[White "Kiseleva, Arina"]
[Black "Viskelis, Darius"]
[Result "0-1"]
[Board "138"]
[TimeControl "180+1"]
[WhiteFideId "4164989"]
[BlackFideId "12800830"]
[WhiteElo "1740"]
[BlackElo "1860"]
[WhiteTeam "RUS"]
[BlackTeam "LTU"]
[WhiteClock "0:00:01"]
[BlackClock "0:01:43"]

1. d4 d5 2. Nf3 Bf5 3. c4 e6 4. Nc3 Nf6 5. e3 c6 6. Bd3 Bxd3 7. Qxd3 Bd6 8. O-O O-O 9. e4 dxe4 10. Nxe4 Nxe4 11. Qxe4 Nd7 12. b3 Nf6 13. Qh4 h6 14. Re1 a5 15. Ne5 a4 16. Bxh6 gxh6 17. Qxh6 Bxe5 18. Rxe5 Nh7 19. Rh5 Re8 20. Qxh7+ Kf8 21. Qh6+ Ke7 22. Qg5+ Kd7 23. Qxd8+ Rexd8 24. b4 Ke7 25. Rd1 a3 26. Rh3 Ra4 27. Rb3 c5 28. bxc5 Rxc4 29. Rxb7+ Kf6 30. Rb3 Rdxd4 31. Rxd4 Rc1+ 0-1

[Event "December 19 Early 2023"]
[Site "https://www.chess.com"]
[Date "2023.12.19"]
[Round "10"]
[White "Papp, Petra"]
[Black "Himanshu, Sharma"]
[Result "0-1"]
[Board "139"]
[TimeControl "180+1"]
[WhiteFideId "739049"]
[BlackFideId "5007836"]
[WhiteElo "2270"]
[BlackElo "2307"]
[WhiteTeam "HUN"]
[BlackTeam "IND"]
[WhiteClock "0:00:01"]
[BlackClock "0:01:41"]

1. e4 Nf6 2. e5 Nd5 3. d4 d6 4. c4 Nb6 5. f4 g6 6. Be3 Bg7 7. Nc3 O-O 8. Be2 dxe5 9. fxe5 Bf5 10. Nf3 Nc6 11. O-O f6 12. exf6 Bxf6 13. Qd2 e5 14. d5 e4 15. dxc6 exf3 16. Qxd8 Raxd8 17. Bxf3 bxc6 18. Bxb6 cxb6 19. Bxc6 Rd2 20. Nd5 Bxb2 21. Rad1 Rc2 22. Ne7+ Kg7 23. Nxf5+ Rxf5 24. Rxf5 gxf5 25. Rd7+ Kf6 26. Bb5 h5 27. h3 f4 28. Rxa7 Bd4+ 29. Kh2 Bf2 30. h4 Bg3+ 31. Kh3 Rc1 0-1

[Event "December 19 Early 2023"]
[Site "https://www.chess.com"]
[Date "2023.12.19"]
[Round "10"]
[White "Quirke, Jeffrey"]
[Black "Recuero Guerra, Javier"]
[Result "0-1"]
[Board "140"]
[TimeControl "180+1"]
[WhiteFideId "2013029"]
[BlackFideId "2254085"]
[WhiteElo "2157"]
[BlackElo "2208"]
[WhiteTeam "USA"]
[BlackTeam "ESP"]
[WhiteClock "0:00:00"]
[BlackClock "0:00:02"]

1. e4 c5 2. c3 d5 3. exd5 Qxd5 4. d4 Nc6 5. Nf3 Bg4 6. dxc5 Qxd1+ 7. Kxd1 O-O-O+ 8. Bd2 e5 9. b4 Be7 10. Kc1 e4 11. h3 Be6 12. Ne1 Nf6 13. Be3 Ne5 14. Nd2 Rd7 15. Bb5 Rdd8 16. Bd4 Nc6 17. Nc2 Nd5 18. Nxe4 f5 19. Bxc6 bxc6 20. Nd2 Nf4 21. Ne1 Bd5 22. Rg1 Rhg8 23. h4 Ne2+ 24. Kc2 Nxg1 25. Nd3 Ne2 26. Nf4 Nxf4 27. g3 Ng6 28. c4 Bf6 29. Bxf6 gxf6 30. cxd5 Rxd5 31. Nc4 Ne5 32. Nd6+ Rxd6 33. cxd6 Kd7 34. Rd1 Rb8 35. Kc3 Nf7 36. Rd3 Nxd6 37. Kd4 Ke6 38. Kc5 Ne4+ 39. Kxc6 Rxb4 40. Rd8 Rc4+ 41. Kb5 Rc5+ 42. Kb4 Rc7 43. Re8+ Kf7 44. Ra8 Nxf2 45. a4 Ne4 46. a5 Nxg3 47. a6 f4 48. Rb8 f3 49. Rb7 Rxb7+ 50. axb7 f2 51. b8=Q f1=Q 52. Qc7+ Kg6 53. Qxg3+ Kf7 54. Qc7+ Kg6 55. Qg3+ Kh5 56. Qg7 Qb1+ 57. Ka5 Qg6 0-1

[Event "December 19 Early 2023"]
[Site "https://www.chess.com"]
[Date "2023.12.19"]
[Round "10"]
[White "Ernst, Luca"]
[Black "Feliz Dotel, Dewar Bienvenido"]
[Result "1-0"]
[Board "141"]
[TimeControl "180+1"]
[WhiteFideId "45117055"]
[BlackFideId "6402801"]
[WhiteElo "1973"]
[BlackElo "2069"]
[WhiteTeam "FRA"]
[BlackTeam "DOM"]
[WhiteClock "0:00:32"]
[BlackClock "0:00:00"]

1. Nf3 Nf6 2. g3 b6 3. Bg2 e6 4. O-O Be7 5. d3 d5 6. Nbd2 O-O 7. e4 c5 8. Qe2 Nc6 9. c3 Ba6 10. e5 Nd7 11. Re1 Qc7 12. Nf1 Rae8 13. Bf4 Qc8 14. Rad1 f6 15. exf6 Bxf6 16. Bd6 Rf7 17. Ne3 Ne7 18. Bh3 Nf5 19. Nxf5 exf5 20. Qxe8+ Nf8 21. Qxc8 Bxc8 22. Re8 Bd7 23. Rxf8+ Rxf8 24. Bxf8 Kxf8 25. d4 c4 26. Re1 g6 27. Ne5 Be8 28. b3 b5 29. bxc4 bxc4 30. Rb1 Be7 31. Bg2 Bd6 32. Bxd5 1-0

[Event "December 19 Early 2023"]
[Site "https://www.chess.com"]
[Date "2023.12.19"]
[Round "10"]
[White "Filippova, Margarita"]
[Black "Tilahun , Abel Mathewos"]
[Result "1-0"]
[Board "142"]
[TimeControl "180+1"]
[WhiteFideId "34199680"]
[BlackFideId "15702391"]
[WhiteElo "1916"]
[BlackElo "1917"]
[WhiteTeam "RUS"]
[BlackTeam "ETH"]
[WhiteClock "0:00:34"]
[BlackClock "0:00:02"]

1. Nf3 Nf6 2. d4 d5 3. c4 e6 4. g3 Be7 5. Bg2 O-O 6. O-O dxc4 7. Na3 Bxa3 8. bxa3 Bd7 9. Ne5 Bc6 10. Nxc6 Nxc6 11. e3 Nd5 12. Qc2 b5 13. Rd1 f5 14. a4 a6 15. Ba3 Re8 16. Bc5 Qf6 17. axb5 axb5 18. a4 Ncb4 19. Qb1 c3 20. Bxb4 bxa4 21. Bxd5 exd5 22. Bxc3 h5 23. Qc2 a3 24. Bb4 h4 25. Rxa3 Rxa3 26. Bxa3 f4 27. exf4 Re4 28. Bc5 Qe6 29. Qd2 Re2 30. Qd3 h3 31. f5 Re1+ 32. Rxe1 Qxe1+ 33. Qf1 Qe4 34. Qxh3 Qb1+ 35. Qf1 Qxf5 36. h4 c6 37. Qe2 Qb1+ 38. Kg2 Qf5 39. h5 Kh7 40. g4 Qb1 41. f4 Kg8 42. f5 Kh7 43. Bd6 Qc1 44. Be5 Qg5 45. Kh3 c5 46. dxc5 d4 47. Bxd4 g6 48. fxg6+ Kg8 49. Qe8# 1-0

[Event "December 19 Early 2023"]
[Site "https://www.chess.com"]
[Date "2023.12.19"]
[Round "10"]
[White "Kornyukov, Alexey"]
[Black "Dilmukhametov, Artur"]
[Result "1-0"]
[Board "143"]
[TimeControl "180+1"]
[WhiteFideId "4150457"]
[BlackFideId "24179922"]
[WhiteElo "2352"]
[BlackElo "2176"]
[WhiteTeam "RUS"]
[BlackTeam "RUS"]
[WhiteClock "0:00:28"]
[BlackClock "0:00:47"]

1. e4 c6 2. d4 d5 3. Nc3 dxe4 4. Nxe4 Bf5 5. Ng3 Bg6 6. h4 h6 7. h5 Bh7 8. Bc4 e6 9. Nf3 Nf6 10. Bf4 Nd5 11. Bxd5 cxd5 12. Qe2 Bd6 13. Qb5+ Qd7 14. Qxd7+ Kxd7 15. Bxd6 Kxd6 16. Ne5 Ke7 17. O-O-O Nc6 18. Nxc6+ bxc6 19. Rhe1 Rhc8 20. f4 c5 21. f5 cxd4 22. Rxd4 Rc5 23. c3 Ra5 24. a3 Rb8 25. fxe6 fxe6 26. Rg4 Kf6 27. Rf1+ Bf5 28. Rg6+ Kf7 29. Nxf5 exf5 30. Rxf5+ Kg8 31. Rd6 Rab5 32. b4 Rc8 33. Kb2 Re8 34. Kb3 Re2 35. Rd8+ Kh7 36. Rff8 g5 37. Rf7# 1-0